 Dungeon Crawl Stone Soup version 0.20.1-1-g8b1a95d (console) character file.

3826 hilaritas the Carver (level 9, -4/66 HPs)
             Began as a Demonspawn Fighter on Sept 23, 2017.
             Was a Believer of Uskayaw.
             Slain by a porcupine (9 damage)
             ... on level 8 of the Dungeon.
             The game lasted 00:16:08 (7252 turns).

hilaritas the Carver (Demonspawn Fighter)           Turns: 7252, Time: 00:16:09

Health: -4/66      AC: 11    Str: 19    XL:     9   Next: 97%
Magic:  21/21      EV:  7    Int: 10    God:    Uskayaw [**....]
Gold:   354        SH: 11    Dex: 13    Spells: 6/8 levels left

rFire    . . .     SeeInvis .   a - +1 long sword
rCold    . . .     Gourm    .   b - +2 buckler of Discretion {MP+9}
rNeg     . . .     Faith    .   x - +0 chain mail
rPois    .         Spirit   .   (no helmet)
rElec    .         Reflect  +   (no cloak)
rCorr    .         Harm     .   (no gloves)
MR       .....                  (no boots)
Stlth    ..........             s - +3 amulet of reflection
Regen    0.3/turn               B - -2 ring of slaying (curse)
MPRegen  0.2/turn               (no ring)

@: about to teleport
A: hooves 2, slimy green scales 1, nightstalker 2, powered by death 2
a: Stomp, Line Pass, Renounce Religion


You were on level 8 of the Dungeon.
You worshipped Uskayaw.
Uskayaw was noncommittal.
You were not hungry.

You visited 2 branches of the dungeon, and saw 9 of its levels.
You also visited: Sewer.

You collected 354 gold pieces.

Inventory:

Hand Weapons
 a - a +1 long sword (weapon)
 g - a +0 dagger
Missiles
 y - 2 javelins (quivered)
Armour
 b - the +2 buckler of Discretion (worn) {MP+9}
   (You found it on level 5 of the Dungeon)

   It affects your magic capacity (+9).
 x - a +0 chain mail (worn)
Jewellery
 s - a +3 amulet of reflection (around neck)
 B - a cursed -2 ring of slaying (left hand)
Wands
 d - a wand of random effects (28/48)
Scrolls
 e - 3 scrolls of identify
 h - a scroll of recharging
 l - 3 scrolls of enchant weapon
 p - a scroll of fog
Potions
 k - 5 potions of flight {unknown}
 m - 2 potions of lignification {unknown}
 n - a potion of resistance {unknown}
 o - 8 potions of curing
 q - 3 potions of brilliance {unknown}
 r - 3 potions of heal wounds
 u - 2 potions of magic {unknown}
 z - 2 potions of agility {unknown}
Books
 c - a book of Conjurations

   Spells                             Type                      Level
   a - Magic Dart                     Conjuration                  1
   b - Searing Ray                    Conjuration                  2
   c - Dazzling Spray                 Conjuration/Hexes            3
   d - Fulminant Prism                Conjuration/Hexes            4
   e - Force Lance                    Conjuration/Translocation    4
   f - Iskenderun's Mystic Blast      Conjuration                  4
 t - a book of Cantrips

   Spells                             Type                      Level
   a - Confusing Touch                Hexes                        1
   b - Animate Skeleton               Necromancy                   1
   c - Summon Small Mammal            Summoning                    1
   d - Apportation                    Translocation                1
Comestibles
 f - 8 bread rations
 i - 6 meat rations
 j - 2 royal jellies
 A - 2 fruits


   Skills:
 * Level 4.6 Fighting
 - Level 10.0 Long Blades
 + Level 3.8 Armour
 + Level 7.2 Shields
 * Level 5.1 Invocations


You had 6 spell levels left.
You knew the following spells:

 Your Spells              Type           Power        Failure   Level  Hunger
a - Apportation           Tloc           #.....       99%         1    ##.....
b - Summon Small Mammal   Summ           #...         99%         1    ##.....


Dungeon Overview and Level Annotations

Branches:
Dungeon (8/15)             Temple (1/1) D:5            Lair (0/6) D:8

Altars:
Ashenzari
Cheibriados
Dithmenos
Fedhas
Gozag
Kikubaaqudgha
Okawaru
Sif Muna
Trog
Uskayaw
Vehumet
Xom
Yredelemnul
Zin
The Shining One


Innate Abilities, Weirdness & Mutations

You have hoof-like feet.
You are partially covered in slimy green scales. (AC +2)
You are significantly more attuned to the shadows.
You regenerate health from kills.


Message History

* * * LOW HITPOINT WARNING * * *
The orc hits the plant but does no damage.
The orc wizard hits the plant with a dagger.
The orc priest miscasts a cantrip.
The porcupine bites you.
* * * LOW HITPOINT WARNING * * *
Your chain mail prevents you from hitting the porcupine.
You kick the porcupine.
The porcupine is almost dead.
The porcupine bites you!
* * * LOW HITPOINT WARNING * * *
The orc hits the fungus but does no damage.
You block the porcupine's attack.
The orc wizard hits the plant but does no damage.
The orc priest hits the plant but does no damage.
The orc hits the plant but does no damage.
As you read the scroll of teleportation, it crumbles to dust.
You feel strangely unstable. You block the porcupine's attack.
The porcupine bites you!
You die...

#..... #...# #####..#
....>.<# ####.##
##### #.###(.....###
#######.#...P..P..P#
#....)..#.P.P...P..##
#.#####......PPPP..P#
#....PPPP.Po.P#
#.P.P..PP@PoP..


...P.PP..PrrPPP.. ..#PPPP....PoPPPPo ........P.PP...PP. ..P.PPPPP.PPP.PPo
P.PPP..P>P.P.Pt .P.PPP...PP.PP .P..P..PP.PP. ..PP.PP...Pro PPPP....PrP.
..PPP.P.P.. You could see a crocodile (wandering), 2 porcupines, an orc priest,
an orc wizard and 3 orcs.

Vanquished Creatures
  A two-headed ogre (D:7)
  The ghost of ThereIsNoGod the Ruffian, a novice TrFi (D:5)
  Prince Ribbit (D:5)
  A hungry ghost (D:7)
  Menkaure (D:6)
  3 porcupines (D:8)
  A black bear (D:8)
  2 ice beasts
  2 phantoms
  A centaur (D:5)
  An ogre (D:5)
  A crocodile (D:8)
  3 big kobolds
  A bullfrog (D:7)
  A scorpion (D:4)
  A howler monkey (D:4)
  4 crimson imps
  A bullfrog skeleton (D:7)
  2 orc priests (D:4)
  5 orc wizards
  A gnoll shaman (D:7)
  3 hounds
  2 jellies
  An iguana (D:7)
  5 worker ants
  7 gnolls
  15 adders
  2 shadow imps
  3 oozes
  7 worms
  3 dart slugs
  A leopard gecko (D:4)
  21 orcs
  5 ball pythons
  8 giant cockroaches
  7 goblins
  10 hobgoblins
  3 jackals (D:2)
  23 kobolds
  4 quokkas
  3 bats
  6 frilled lizards
  A jackal zombie (D:5)
  A leopard gecko skeleton (D:4)
  14 rats
190 creatures vanquished.

Vanquished Creatures (others)
  2 fungi (D:8)
  A plant (D:8)
3 creatures vanquished.

Grand Total: 193 creatures vanquished

Notes
Turn   | Place    | Note
-------+----------+-------------------------------------------
     0 | D:1      | hilaritas the Demonspawn Fighter began the quest for the Orb.
     0 | D:1      | Reached XP level 1. HP: 18/18 MP: 1/1
   117 | D:1      | Reached skill level 2 in Long Blades
   203 | D:1      | Gained mutation: You are slightly more attuned to the shadows. [demonic ancestry]
   203 | D:1      | Reached XP level 2. HP: 24/24 MP: 2/2
  1320 | D:2      | Reached XP level 3. HP: 18/29 MP: 3/3
  1562 | D:2      | Reached skill level 3 in Long Blades
  2230 | D:2      | Gained mutation: You have large cloven feet. [demonic ancestry]
  2230 | D:2      | Reached XP level 4. HP: 34/35 MP: 4/4
  2794 | D:3      | Reached skill level 4 in Long Blades
  2913 | D:3      | Learned a level 1 spell: Apportation
  2915 | D:3      | Learned a level 1 spell: Summon Small Mammal
  3478 | D:4      | Gained mutation: You are partially covered in slimy green scales. (AC +2) [demonic ancestry]
  3478 | D:4      | Reached XP level 5. HP: 24/41 MP: 5/5
  3815 | D:4      | Reached skill level 5 in Long Blades
  3889 | D:4      | Noticed a phantom
  3906 | D:4      | Gained mutation: You regenerate a little health from kills. [demonic ancestry]
  3906 | D:4      | Reached XP level 6. HP: 18/47 MP: 6/6
  3967 | D:4      | Reached skill level 6 in Long Blades
  4010 | D:4      | Gained mutation: You regenerate health from kills. [demonic ancestry]
  4010 | D:4      | Reached XP level 7. HP: 19/52 MP: 7/7
  4204 | D:4      | Found a snail-covered altar of Cheibriados.
  4206 | D:4      | Found an opulent altar of Gozag.
  4308 | D:5      | Entered Level 5 of the Dungeon
  4330 | D:5      | Got a translucent buckler
  4341 | D:5      | Identified the +2 buckler of Discretion {MP+9} (You found it on level 5 of the Dungeon)
  4371 | D:5      | Noticed ThereIsNoGod's ghost (novice TrFi)
  4374 | D:5      | Noticed Prince Ribbit
  4394 | D:5      | Killed ThereIsNoGod's ghost
  4394 | D:5      | Reached skill level 7 in Long Blades
  4430 | D:5      | Reached skill level 5 in Shields
  4641 | D:5      | Gained mutation: You have hoof-like feet. [demonic ancestry]
  4641 | D:5      | Reached XP level 8. HP: 58/58 MP: 8/8
  4816 | D:5      | Found a staircase to the Ecumenical Temple.
  4825 | Temple   | Entered the Ecumenical Temple
  4830 | Temple   | Became a worshipper of Uskayaw the Reveler
  4883 | D:5      | Reached * piety under Uskayaw
  4887 | D:5      | Reached ** piety under Uskayaw
  4940 | D:5      | Reached skill level 8 in Long Blades
  5067 | D:5      | Found an ancient bone altar of Kikubaaqudgha.
  5136 | D:5      | Killed Prince Ribbit
  5432 | D:6      | Noticed Menkaure
  5440 | D:6      | Killed Menkaure
  5440 | D:6      | Reached skill level 9 in Long Blades
  5440 | D:6      | Reached skill level 1 in Invocations
  5497 | D:6      | Reached *** piety under Uskayaw
  5510 | D:6      | Found a glowing drain.
  5521 | Sewer    | Entered a sewer
  5884 | D:6      | Found a shattered altar of Ashenzari.
  5927 | D:6      | Found a radiant altar of Vehumet.
  5930 | D:6      | Found a bloodstained altar of Trog.
  5939 | D:6      | Found an iron altar of Okawaru.
  5942 | D:6      | Found a basalt altar of Yredelemnul.
  6088 | D:6      | Gained mutation: You are significantly more attuned to the shadows. [demonic ancestry]
  6088 | D:6      | Reached XP level 9. HP: 63/63 MP: 10/10
  6169 | D:6      | Found a shimmering altar of Xom.
  6596 | D:7      | Reached skill level 10 in Long Blades
  6749 | D:7      | Found a deep blue altar of Sif Muna.
  6749 | D:7      | Noticed a two-headed ogre
  6763 | D:7      | Killed a two-headed ogre
  6773 | D:7      | Reached **** piety under Uskayaw
  7194 | D:8      | Found a staircase to the Lair.
  7216 | D:8      | Reached skill level 5 in Invocations
  7233 | D:8      | Reached ***** piety under Uskayaw
  7252 | D:8      | Slain by a porcupine

Skill      XL: |  1  2  3  4  5  6  7  8  9 |
---------------+----------------------------+-----
Long Blades    | 2 3 4 5 6 7 9 10 | 10.0
Shields        | 3 4 5 6 7 |  7.2
Invocations    | 1 5 |  5.1
Armour         | 3 |  3.8
Fighting       | 4 |  4.6

Action                   |  1- 3 |  4- 6 |  7- 9 || total
-------------------------+-------+-------+-------++-------
Melee: Long sword        |   136 |   157 |   378 ||   671
       Kick              |       |    55 |   112 ||   167
Invok: Stomp             |       |       |     3 ||     3
  Use: Potion            |       |     4 |     4 ||     8
       Scroll            |       |       |    15 ||    15
 Stab: Distracted        |       |     1 |       ||     1
       Paralysed         |       |       |     9 ||     9
  Eat: Chunk             |     4 |     6 |    12 ||    22
Armor: Scale mail        |    44 |    96 |     3 ||   143
       Chain mail        |       |       |   124 ||   124
Dodge: Dodged            |    38 |    58 |    73 ||   169
Block: Shield            |    65 |    98 |    16 ||   179
       Buckler           |       |       |   139 ||   139
       Reflection        |       |       |     5 ||     5
       Rpst.: Long sword |    12 |    17 |    28 ||    57
